TOP OF THE 1ST |
South Beach Blaze batting - Pitching for Walla Walla Walleye : LHP Reid Garrett
|
Pitching: LHP Reid Garrett
|
|
Batting: RHB Joseph Papasogli
|
0-0: DOUBLE (Flyball, 89XD)
|
Batting: RHB Alfredo García
|
0-0: Ball 1-0: Ball 2-0: Foul Ball, location: 2F 2-1: Ball 3-1: Called Strike 3-2: Base on Balls
|
Batting: RHB Pau Arria
|
0-0: SINGLE (Groundball, 6D) Joseph Papasogli to third Alfredo García to second
|
Batting: RHB Júlio Morín
|
0-0: Called Strike 0-1: Ball 1-1: SINGLE (Groundball, 4M) Joseph Papasogli scores Alfredo García to third Pau Arria to second Runner from 3rd tries for Home, SAFE, no throw or cutoff
|
Batting: RHB Logan Namajunas
|
0-0: Ball 1-0: Ball 2-0: SINGLE (Line Drive, 5D) Pau Arria to third Júlio Morín to second
|
Batting: RHB Dimian Menres
|
0-0: Ball 1-0: Called Strike 1-1: Swinging Strike 1-2: Ball 2-2: Strikes out swinging
|
Batting: LHB Theo Fightmaster
|
0-0: Swinging Strike 0-1: Ball 1-1: Ball 2-1: Swinging Strike 2-2: Foul Ball, location: 2F 2-2: Strikes out swinging
|
Batting: RHB Raúl Moreno
|
0-0: Foul Ball, location: 2F 0-1: SINGLE (Line Drive, 34D) Pau Arria scores Júlio Morín to third Logan Namajunas to second Runner from 3rd tries for Home, SAFE, throw made home
|
Batting: RHB Steve Irwin
|
0-0: Swinging Strike 0-1: Called Strike 0-2: Strikes out looking
|
Top of the 1st over - 4 run(s), 5 hit(s), 0 error(s), 2 left on base; South Beach 4 - Walla Walla 0 |
BOTTOM OF THE 1ST |
Walla Walla Walleye batting - Pitching for South Beach Blaze : RHP Carlos Ortega
|
Pitching: RHP Carlos Ortega
|
|
Batting: SHB Lowell Moon
|
0-0: Ball 1-0: Ball 2-0: Called Strike 2-1: Foul Ball, location: 2F 2-2: Ball 3-2: Strikes out swinging
|
Batting: LHB Daniel García
|
0-0: Ball 1-0: Ground out 4-3 (Groundball, 34)
|
Batting: RHB Lytle Creek
|
0-0: Ball 1-0: Ball 2-0: Ball 3-0: Base on Balls
|
Batting: RHB Ieyoshi Yamamoto
|
0-0: Called Strike 0-1: Ball 1-1: Called Strike 1-2: Strikes out swinging
|
Bottom of the 1st over - 0 run(s), 0 hit(s), 0 error(s), 1 left on base; South Beach 4 - Walla Walla 0 |
TOP OF THE 2ND |
South Beach Blaze batting - Pitching for Walla Walla Walleye : LHP Reid Garrett
|
Batting: RHB Joseph Papasogli
|
0-0: Ball 1-0: Ball 2-0: Called Strike 2-1: Ball 3-1: Base on Balls
|
Batting: RHB Alfredo García
|
0-0: Called Strike 0-1: Foul Ball, location: 2F 0-2: SINGLE (Flyball, 78S) Joseph Papasogli to second
|
Batting: RHB Pau Arria
|
0-0: Fly out, F8 (Flyball, 8RXD) Runner from 2nd tags up, SAFE at 3rd, no throw
|
Batting: RHB Júlio Morín
|
0-0: Foul Ball, location: 2F 0-1: DOUBLE (Line Drive, 8RS) Joseph Papasogli scores Alfredo García to third
|
Pinch Runner at 2nd León Domínguez:
|
|
Batting: RHB Logan Namajunas
|
0-0: Foul Ball, location: 2F 0-1: Fly out, F3 (Popup, 3DF)
|
Batting: RHB Dimian Menres
|
0-0: Ball 1-0: Called Strike 1-1: Foul Ball, location: 2F 1-2: Fly out, F8 (Popup, 8LS)
|
Top of the 2nd over - 1 run(s), 2 hit(s), 0 error(s), 2 left on base; South Beach 5 - Walla Walla 0 |
BOTTOM OF THE 2ND |
Walla Walla Walleye batting - Pitching for South Beach Blaze : RHP Carlos Ortega
|
Now at 3B: León Domínguez
|
|
Batting: RHB Alex Rucker
|
0-0: Fly out, F8 (Flyball, 8LD)
|
Batting: RHB Joe Dundee
|
0-0: Ball 1-0: SINGLE (Line Drive, 9LS)
|
Batting: LHB Francisco Santos
|
0-0: SINGLE (Groundball, 34S) Joe Dundee to second Runner from 2nd tries for 3rd, SAFE, no throw or cutoff
|
Batting: RHB Juan Martínez
|
0-0: Grounds into double play, 6-4-3 (Groundball, 6M)
|
Bottom of the 2nd over - 0 run(s), 2 hit(s), 0 error(s), 1 left on base; South Beach 5 - Walla Walla 0 |
TOP OF THE 3RD |
South Beach Blaze batting - Pitching for Walla Walla Walleye : LHP Reid Garrett
|
Batting: LHB Theo Fightmaster
|
0-0: Called Strike 0-1: Ground out 1-3 (Groundball, 25)
|
Batting: RHB Raúl Moreno
|
0-0: Foul Ball, location: 2F 0-1: Called Strike 0-2: SINGLE (Groundball, 6M)
|
Batting: RHB Steve Irwin
|
0-0: Called Strike 0-1: Ball 1-1: Ball 2-1: Called Strike 2-2: Foul Ball, location: 2F 2-2: Ball 3-2: Strikes out swinging
|
Batting: RHB Joseph Papasogli
|
0-0: Ball 1-0: Foul Ball, location: 2F 1-1: Ball 2-1: Swinging Strike 2-2: Foul Ball, location: 2F 2-2: Ground out 6-3 (Groundball, 56)
|
Top of the 3rd over - 0 run(s), 1 hit(s), 0 error(s), 1 left on base; South Beach 5 - Walla Walla 0 |
BOTTOM OF THE 3RD |
Walla Walla Walleye batting - Pitching for South Beach Blaze : RHP Carlos Ortega
|
Batting: RHB Carlos Perea
|
0-0: Bunt for hit - play at first, batter OUT! 5-3
|
Batting: SHB Lowell Moon
|
0-0: Called Strike 0-1: Called Strike 0-2: Strikes out swinging
|
Batting: LHB Daniel García
|
0-0: Ball 1-0: Foul Ball, location: 2F 1-1: Ground out 6-3 (Groundball, 6M)
|
Bottom of the 3rd over - 0 run(s), 0 hit(s), 0 error(s), 0 left on base; South Beach 5 - Walla Walla 0 |
TOP OF THE 4TH |
South Beach Blaze batting - Pitching for Walla Walla Walleye : LHP Reid Garrett
|
Batting: RHB Alfredo García
|
0-0: Ball 1-0: SINGLE (Line Drive, 89M)
|
Batting: RHB Pau Arria
|
0-0: Swinging Strike 0-1: Swinging Strike 0-2: Strikes out looking
|
Batting: RHB León Domínguez
|
0-0: Ball 1-0: Called Strike 1-1: SINGLE (Line Drive, 4D) Alfredo García to second Throwing error, E9 Alfredo García scores León Domínguez to second
|
Batting: RHB Logan Namajunas
|
0-0: Called Strike 0-1: Ball 1-1: Ball 2-1: Foul Ball, location: 2F 2-2: Foul Ball, location: 2F 2-2: Foul Ball, location: 2F 2-2: Foul Ball, location: 2F 2-2: Strikes out swinging
|
Batting: RHB Dimian Menres
|
0-0: Ball 1-0: Foul Ball, location: 2F 1-1: Ball 2-1: Swinging Strike 2-2: Foul Ball, location: 2F 2-2: Strikes out swinging
|
Top of the 4th over - 1 run(s), 2 hit(s), 1 error(s), 1 left on base; South Beach 6 - Walla Walla 0 |
BOTTOM OF THE 4TH |
Walla Walla Walleye batting - Pitching for South Beach Blaze : RHP Carlos Ortega
|
Batting: RHB Lytle Creek
|
0-0: Ball 1-0: Foul Ball, location: 2F 1-1: Called Strike 1-2: Foul Ball, location: 2F 1-2: Strikes out swinging
|
Batting: RHB Ieyoshi Yamamoto
|
0-0: Foul Ball, location: 2F 0-1: Fly out, F8 (Line Drive, 8RM)
|
Batting: RHB Alex Rucker
|
0-0: Called Strike 0-1: Swinging Strike 0-2: Foul Ball, location: 2F 0-2: Strikes out swinging
|
Bottom of the 4th over - 0 run(s), 0 hit(s), 0 error(s), 0 left on base; South Beach 6 - Walla Walla 0 |
TOP OF THE 5TH |
South Beach Blaze batting - Pitching for Walla Walla Walleye : LHP Reid Garrett
|
Batting: LHB Theo Fightmaster
|
0-0: Ball 1-0: Ball 2-0: Ground out 5-3 (Groundball, 5)
|
Batting: RHB Raúl Moreno
|
0-0: SINGLE (Line Drive, 89M)
|
Batting: RHB Steve Irwin
|
0-0: Called Strike 0-1: Ball 1-1: Swinging Strike 1-2: Fly out, F7 (Line Drive, 7D)
|
Pitching: RHP Oriol Razo
|
|
Batting: RHB Joseph Papasogli
|
0-0: Ball 1-0: Foul Ball, location: 2F 1-1: Foul Ball, location: 2F 1-2: Ground out 6-3 (Groundball, 6)
|
Top of the 5th over - 0 run(s), 1 hit(s), 0 error(s), 1 left on base; South Beach 6 - Walla Walla 0 |
BOTTOM OF THE 5TH |
Walla Walla Walleye batting - Pitching for South Beach Blaze : RHP Carlos Ortega
|
Batting: RHB Joe Dundee
|
0-0: Ball 1-0: Called Strike 1-1: Called Strike 1-2: Strikes out swinging
|
Batting: LHB Francisco Santos
|
0-0: Swinging Strike 0-1: Swinging Strike 0-2: Strikes out swinging
|
Batting: RHB Juan Martínez
|
0-0: Ball 1-0: SINGLE (Flyball, 4MD)
|
Batting: RHB Carlos Perea
|
0-0: Ball 1-0: Ball 2-0: Ball 3-0: Called Strike 3-1: DOUBLE (Line Drive, 8LM) Juan Martínez to third Runner from 3rd tries for Home, SAFE, no throw or cutoff
|
Batting: SHB Lowell Moon
|
0-0: Ball 1-0: Ground out 1-3 (Groundball, 15)
|
Bottom of the 5th over - 1 run(s), 2 hit(s), 0 error(s), 1 left on base; South Beach 6 - Walla Walla 1 |
TOP OF THE 6TH |
South Beach Blaze batting - Pitching for Walla Walla Walleye : RHP Oriol Razo
|
Batting: RHB Alfredo García
|
0-0: Called Strike 0-1: Ball 1-1: Foul Ball, location: 2F 1-2: Ball 2-2: Strikes out swinging
|
Batting: RHB Pau Arria
|
0-0: Called Strike 0-1: Swinging Strike 0-2: Ball 1-2: DOUBLE (Line Drive, 7LS)
|
Batting: RHB León Domínguez
|
0-0: Called Strike 0-1: Ball 1-1: Ball 2-1: Ground out 5-3 (Groundball, 5L)
|
Batting: RHB Logan Namajunas
|
0-0: Called Strike 0-1: Ball 1-1: Called Strike 1-2: Strikes out swinging
|
Top of the 6th over - 0 run(s), 1 hit(s), 0 error(s), 1 left on base; South Beach 6 - Walla Walla 1 |
BOTTOM OF THE 6TH |
Walla Walla Walleye batting - Pitching for South Beach Blaze : RHP Carlos Ortega
|
Batting: LHB Daniel García
|
0-0: Ball 1-0: Swinging Strike 1-1: Ball 2-1: Called Strike 2-2: Foul Ball, location: 2F 2-2: Fly out, F8 (Flyball, 8RM)
|
Batting: RHB Lytle Creek
|
0-0: Called Strike 0-1: Fly out, F9 (Flyball, 9M)
|
Batting: RHB Ieyoshi Yamamoto
|
0-0: Called Strike 0-1: Foul Ball, location: 2F 0-2: Ball 1-2: Fly out, F9 (Line Drive, 9M)
|
Bottom of the 6th over - 0 run(s), 0 hit(s), 0 error(s), 0 left on base; South Beach 6 - Walla Walla 1 |
TOP OF THE 7TH |
South Beach Blaze batting - Pitching for Walla Walla Walleye : RHP Oriol Razo
|
Batting: RHB Dimian Menres
|
0-0: Ball 1-0: Ball 2-0: Ball 3-0: Called Strike 3-1: Called Strike 3-2: Strikes out swinging
|
Batting: LHB Theo Fightmaster
|
0-0: Ground out 6-3 (Groundball, 6M)
|
Batting: RHB Raúl Moreno
|
0-0: Called Strike 0-1: Called Strike 0-2: Foul Ball, location: 2F 0-2: Strikes out swinging
|
Top of the 7th over - 0 run(s), 0 hit(s), 0 error(s), 0 left on base; South Beach 6 - Walla Walla 1 |
BOTTOM OF THE 7TH |
Walla Walla Walleye batting - Pitching for South Beach Blaze : RHP Carlos Ortega
|
Batting: RHB Alex Rucker
|
0-0: Ball 1-0: Swinging Strike 1-1: Foul Ball, location: 2F 1-2: Ball 2-2: Strikes out swinging
|
Batting: RHB Joe Dundee
|
0-0: Foul Ball, location: 2F 0-1: Called Strike 0-2: Ball 1-2: Foul Ball, location: 2F 1-2: Strikes out swinging
|
Batting: LHB Francisco Santos
|
0-0: Ball 1-0: Fly out, F6 (Popup, 6MD)
|
Bottom of the 7th over - 0 run(s), 0 hit(s), 0 error(s), 0 left on base; South Beach 6 - Walla Walla 1 |
TOP OF THE 8TH |
South Beach Blaze batting - Pitching for Walla Walla Walleye : RHP Oriol Razo
|
Batting: RHB Steve Irwin
|
0-0: Ball 1-0: Ball 2-0: Fly out, F7 (Flyball, 7M)
|
Batting: RHB Joseph Papasogli
|
0-0: Foul Ball, location: 2F 0-1: Ball 1-1: Ball 2-1: Swinging Strike 2-2: Foul Ball, location: 2F 2-2: Foul Ball, location: 2F Single, Error in OF, E9, batter to second base
|
Pitching: LHP Luis Domínguez
|
|
Batting: RHB Alfredo García
|
0-0: Ball Joseph Papasogli is caught stealing 3rd base 1-0: Ground out 1-3 (Groundball, 15S)
|
Top of the 8th over - 0 run(s), 1 hit(s), 1 error(s), 0 left on base; South Beach 6 - Walla Walla 1 |
BOTTOM OF THE 8TH |
Walla Walla Walleye batting - Pitching for South Beach Blaze : RHP Carlos Ortega
|
Batting: RHB Juan Martínez
|
0-0: Ball 1-0: Ground out 4-3 (Groundball, 4M)
|
Batting: RHB Carlos Perea
|
0-0: Called Strike 0-1: Foul Ball, location: 2F 0-2: Ball 1-2: Strikes out swinging
|
Batting: SHB Lowell Moon
|
0-0: Ball 1-0: SINGLE (Groundball, 6MD)
|
Batting: LHB Daniel García
|
0-0: Ball 1-0: Swinging Strike 1-1: Swinging Strike 1-2: Strikes out looking
|
Bottom of the 8th over - 0 run(s), 1 hit(s), 0 error(s), 1 left on base; South Beach 6 - Walla Walla 1 |
TOP OF THE 9TH |
South Beach Blaze batting - Pitching for Walla Walla Walleye : LHP Luis Domínguez
|
Pitching: RHP Jim Unknown
|
|
Batting: RHB Pau Arria
|
0-0: Called Strike 0-1: Swinging Strike 0-2: Strikes out swinging
|
Batting: RHB León Domínguez
|
0-0: Ball 1-0: Foul Ball, location: 2F 1-1: Foul Ball, location: 2F 1-2: Foul Ball, location: 2F 1-2: Ball 2-2: Ball 3-2: Strikes out swinging
|
Batting: RHB Logan Namajunas
|
0-0: Called Strike 0-1: Ball 1-1: Ball 2-1: Swinging Strike 2-2: Foul Ball, location: 2F 2-2: Foul Ball, location: 2F 2-2: Foul Ball, location: 2F 2-2: Ball 3-2: Strikes out looking
|
Top of the 9th over - 0 run(s), 0 hit(s), 0 error(s), 0 left on base; South Beach 6 - Walla Walla 1 |
BOTTOM OF THE 9TH |
Walla Walla Walleye batting - Pitching for South Beach Blaze : RHP Carlos Ortega
|
Batting: RHB Lytle Creek
|
0-0: Called Strike 0-1: Called Strike 0-2: Ball 1-2: Ball 2-2: SINGLE (Groundball, 6) (infield hit)
|
Pitching: RHP Javier González
|
|
Batting: RHB Ieyoshi Yamamoto
|
0-0: Ball 1-0: Fly out, F4 (Popup, 4S)
|
Batting: RHB Alex Rucker
|
0-0: Ball 1-0: Fielders Choice at 2nd, 6-4 (Groundball, 6M)
|
Batting: RHB Joe Dundee
|
0-0: Called Strike 0-1: Called Strike 0-2: Ball 1-2: Ground out 3-1 (Groundball, 3)
|
Bottom of the 9th over - 0 run(s), 1 hit(s), 0 error(s), 1 left on base; South Beach 6 - Walla Walla 1 |
|